 Dungeon Crawl Stone Soup version 0.29.0-13-gc9e81de378 (webtiles) character file.

Game seed: 5741794547951736302

217 Ijustatesigmund the Trooper (level 5, -1/34 HPs)
             Began as a Gargoyle Fighter on Sept 9, 2022.
             Was an Initiate of Cheibriados.
             Slain by an ogre
             ... wielding a +0 giant club
              (17 damage)
             ... on level 4 of the Dungeon.
             The game lasted 00:06:37 (3628 turns).

Ijustatesigmund the Trooper (Gargoyle Fighter)      Turns: 3628, Time: 00:06:37

Health: -1/34      AC: 15    Str: 21    XL:     5   Next: 94%
Magic:  6/6        EV:  7    Int: 11    God:    Cheibriados [......]
Gold:   156        SH:  4    Dex: 10    Spells: 3/4 levels left

rFire   . . .      SeeInvis .   a - +0 flail
rCold   . . .      Faith    .   c - +0 buckler
rNeg    + . .      Spirit   .   b - +0 chain mail
rPois   ∞          Reflect  .   (no helmet)
rElec   +          Harm     .   i - +1 cloak
rCorr   .          Rampage  .   (no gloves)
Will    .....                   (no boots)
Stlth   ..........              (no amulet)
HPRegen 0.11/turn               (no ring)
MPRegen 0.10/turn               (no ring)

@: mighty, very slow
A: sickness immunity, AC +4, negative energy resistance 1, electricity
resistance, torment resistance 1, petrification resistance
a: Renounce Religion


You were on level 4 of the Dungeon.
You worshipped Cheibriados.
Cheibriados was noncommittal.
You visited 1 branch of the dungeon, and saw 4 of its levels.

You collected 156 gold pieces.

Inventory:

Hand Weapons
 a - a +0 flail (weapon)
Missiles
 e - 9 poisoned darts (quivered)
 k - a throwing net
Armour
 b - a +0 chain mail (worn)
 c - a +0 buckler (worn)
 i - a +1 cloak (worn)
Magical Staves
 j - a staff of conjuration
Jewellery
 p - a ring of ice
Scrolls
 h - a scroll of magic mapping {unknown}
 l - a scroll of immolation
Potions
 d - 2 potions of might
 f - a potion of lignification
 g - a potion of magic {unknown}
 o - 3 potions of curing {unknown}


   Skills:
 + Level 4.8 Fighting
 + Level 3.7 Maces & Flails
 - Level 4.4 Armour
 - Level 3.2 Shields
 + Level 1.7 Invocations


You had 3 spell levels left.
You knew the following spells:

 Your Spells              Type           Power      Damage    Failure   Level
a - Magic Dart            Conj           0%         1d3       99%         1

Your spell library contained the following spells:

 Spells                   Type           Power      Damage    Failure   Level
 Searing Ray              Conj           0%         2d4       99%         2
 Fulminant Prism          Conj/Hex       0%         3d6       100%        4


Dungeon Overview and Level Annotations

Branches:
Dungeon (4/15)
 Temple: D:4-7

Altars:
Cheibriados
Elyvilon
Makhleb
Xom
Zin


Innate Abilities, Weirdness & Mutations

You are immune to sickness and miasma.
Your stone body is resilient. (AC +4)
You are immune to poison.
You resist negative energy. (rN+)
You are resistant to electric shocks. (rElec)
You are resistant to unholy torment.
You are immune to petrification.


Message History

The wight hits you with a +0 hand axe! The wight hits you but does no damage.
You are too injured to fight recklessly!
You are too injured to fight recklessly!
You are too injured to fight recklessly!
You are too injured to fight recklessly!
You are too injured to fight recklessly!
You are too injured to fight recklessly!
You are too injured to fight recklessly!
You completely miss the wight.
The wight is almost destroyed.
You block the wight's attack.
You hit the wight.
You destroy the wight!
Cheibriados appreciates the change of pace.
You start resting.
Magic restored.
You start resting.
HP restored.
You now have 156 gold pieces (gained 10).
An endoplasm comes into view.
The endoplasm quivers.
An ogre comes into view. It is wielding a +0 giant club.
The ogre shouts!
You hit the endoplasm.
The endoplasm is moderately wounded.
The endoplasm hits you but does no damage.
You thump the endoplasm!
You kill the endoplasm!
Cheibriados appreciates the change of pace.
You hit the ogre but do no damage.
The ogre hits you with a +0 giant club!!
Ouch! That really hurt!
You are too injured to fight recklessly!
You feel much better. The ogre hits you with a +0 giant club!
You feel very mighty all of a sudden.
You hit the ogre.
The ogre is lightly wounded.
The ogre hits you with a +0 giant club!
Ouch! That really hurt!
You die...

##......##
........ .......#
###+ #......#
....##......#
............+
........O...#
.......@....# ..
#######....###
...###....##....#
.......)..#.....#
.......<..#.....#
..........#.....#
...........#....#
...#.......######
## #######.#


You could see an ogre.

Vanquished Creatures
  A wight (D:4)
  A hound (D:3)
  4 gnolls (D:3)
  2 adders
  2 dart slugs (D:3)
  6 orcs (D:3)
  A ball python (D:3)
  6 bats
  9 endoplasms
  4 giant cockroaches
  8 goblins
  5 hobgoblins
  2 jackals (D:2)
  A quokka (D:3)
  3 frilled lizards
  7 kobolds
  6 rats
68 creatures vanquished.

Vanquished Creatures (others)
  A plant (D:3)
1 creature vanquished.

Grand Total: 69 creatures vanquished

Notes
Turn   | Place    | Note
-------+----------+-------------------------------------------
     0 | D:1      | Ijustatesigmund the Gargoyle Fighter began the quest for
                  | the Orb.
     0 | D:1      | Reached XP level 1. HP: 14/14 MP: 1/1
   176 | D:1      | Reached XP level 2. HP: 13/19 MP: 2/2
   386 | D:1      | Learned a level 1 spell: Magic Dart
   790 | D:1      | Reached XP level 3. HP: 22/24 MP: 3/3
  1994 | D:3      | Reached XP level 4. HP: 9/29 MP: 4/4
  2763 | D:3      | Found a white marble altar of Elyvilon.
  3092 | D:3      | Found a shimmering altar of Xom.
  3092 | D:3      | Found a snail-covered altar of Cheibriados.
  3092 | D:3      | Found a burning altar of Makhleb.
  3101 | D:3      | Became a worshipper of Cheibriados the Contemplative
  3124 | D:3      | Reached XP level 5. HP: 29/34 MP: 5/5
  3260 | D:3      | Reached skill level 1 in Invocations
  3363 | D:3      | Found a glowing silver altar of Zin.
  3621 | D:4      | Noticed an ogre
  3628 | D:4      | Slain by an ogre

Illustrated notes

Levels and vault maps discovered:
D:1:      minmay_arrival_four_loops, layout_loops_ring, minmay_misc_feat_cross,
          feat_on_display
D:2:      layout_basic
D:3:      minmay_evil_eye, layout_rooms, gammafunk_temple_overflow_forgotten,
          nicolae_overflow_ecumenical_swirl, mainiacjoe_overflow_24_doors,
          zin_academy
D:4:      layout_gridville, chequers_temple_overflow_statue_of_worship

Skill      XL: |  1  2  3  4  5 |
---------------+----------------+-----
Armour         | 4 |  4.4
Fighting       | 4 |  4.8
Maces & Flails | 3 |  3.7
Invocations    | 1 |  1.7
Shields        | |  3.2

Action                   |  1- 3 |  4- 6 || total
-------------------------+-------+-------++-------
Melee: Flail             |   107 |    89 ||   196
Throw: Dart              |     1 |     8 ||     9
  Use: Scroll            |     7 |       ||     7
       Potion            |       |     3 ||     3
Armor: Chain mail        |    72 |    57 ||   129
Dodge: Dodged            |    44 |    20 ||    64
Block: Buckler           |    26 |    20 ||    46
